PL
ATLANTA SMOKE @ VANCOUVER GREY WOLVES
09/20/2032
 
TOP OF THE 1ST
Atlanta Smoke batting - Pitching for Vancouver Grey Wolves : LHP Gerardo Pagán
Pitching: LHP Gerardo Pagán
Batting: RHB Silvio Bonauiti 0-0: Ball
1-0: Foul Ball, location: 2F
1-1: Ball
2-1: Ball
3-1: Called Strike
3-2: Ground out 5-3 (Groundball, 56)
Batting: RHB Cristo González 0-0: SOLO HOME RUN (Line Drive, 7LD), Distance : 323 ft
Batting: RHB Gabriel Maldonado 0-0: Called Strike
0-1: Foul Ball, location: 2F
0-2: Ball
1-2: Ball
2-2: Strikes out swinging
Batting: SHB Valentín Guzmán 0-0: Called Strike
0-1: Ball
1-1: Ground out 4-3 (Groundball, 4)
Top of the 1st over - 1 run, 1 hit, 0 errors, 0 left on base; Atlanta 1 - Vancouver 0
BOTTOM OF THE 1ST
Vancouver Grey Wolves batting - Pitching for Atlanta Smoke : RHP Calvin Beck
Pitching: RHP Calvin Beck
Batting: LHB Michael Malloy 0-0: Ball
1-0: Fly out, F8 (Flyball, 8LM)
Batting: RHB Urs van Munster 0-0: Ball
1-0: Called Strike
1-1: DOUBLE (Line Drive, 7LD)
Batting: LHB Gustavo Cortéz 0-0: Ball
1-0: Foul Ball, location: 2F
1-1: Fly out, F7 (Flyball, 7LM)
Batting: RHB Hugh Mungus 0-0: Foul Ball, location: 2F
0-1: DOUBLE (Line Drive, 7LD)
Urs van Munster scores
Batting: LHB Preston Witt 0-0: Ball
1-0: Called Strike
1-1: Foul Ball, location: 2F
1-2: SINGLE (Groundball, 3D)
Hugh Mungus to third
Runner from 3rd tries for Home, SAFE, no throw
Batting: RHB Iván Vega 0-0: Ball
1-0: Foul Ball, location: 2F
1-1: Ball
2-1: Foul Ball, location: 2F
2-2: Strikes out swinging
Bottom of the 1st over - 2 runs, 3 hits, 0 errors, 1 left on base; Atlanta 1 - Vancouver 2
TOP OF THE 2ND
Atlanta Smoke batting - Pitching for Vancouver Grey Wolves : LHP Gerardo Pagán
Batting: LHB Albert Morán 0-0: Ball
1-0: Fly out, F9 (Flyball, 9)
Batting: RHB Syed Sarkar 0-0: Ball
1-0: Called Strike
1-1: Foul Ball, location: 2F
1-2: Foul Ball, location: 2F
1-2: Strikes out swinging
Batting: RHB Joe Phillips 0-0: Ball
1-0: Ground out 5-3 (Groundball, 25)
Top of the 2nd over - 0 runs, 0 hits, 0 errors, 0 left on base; Atlanta 1 - Vancouver 2
BOTTOM OF THE 2ND
Vancouver Grey Wolves batting - Pitching for Atlanta Smoke : RHP Calvin Beck
Batting: RHB Wilson Vega 0-0: Swinging Strike
0-1: Ball
1-1: Swinging Strike
1-2: Strikes out swinging
Batting: SHB Terumoto Kurihara 0-0: Called Strike
0-1: Swinging Strike
0-2: Ball
1-2: Foul Ball, location: 2F
1-2: Ball
2-2: SINGLE (Groundball, 6D)
Batting: LHB Johan Kroening 0-0: Swinging Strike
0-1: Called Strike
0-2: Foul Ball, location: 2F
0-2: Ball
1-2: DOUBLE (Line Drive, 89D)
Terumoto Kurihara to third
Batting: LHB Michael Malloy 0-0: Ball
1-0: Called Strike
1-1: Ball
2-1: Ball
3-1: Base on Balls
Batting: RHB Urs van Munster 0-0: Ball
1-0: Ball
2-0: Ball
3-0: Called Strike
3-1: Called Strike
3-2: Foul Ball, location: 2F
3-2: SINGLE (Groundball, 6MD)
Terumoto Kurihara scores
Johan Kroening to third
Michael Malloy to second
Runner from 3rd tries for Home, SAFE, no throw
Batting: LHB Gustavo Cortéz 0-0: Ball
1-0: Ball
2-0: Called Strike
2-1: Ball
3-1: Base on Balls
Michael Malloy to third
Urs van Munster to second
Batting: RHB Hugh Mungus 0-0: Called Strike
0-1: Fly out, F7 (Line Drive, 78D)
Runner from 3rd tags up, SCORES, no throw
Batting: LHB Preston Witt 0-0: Ground out 4-3 (Groundball, 4S)
Bottom of the 2nd over - 3 runs, 3 hits, 0 errors, 2 left on base; Atlanta 1 - Vancouver 5
TOP OF THE 3RD
Atlanta Smoke batting - Pitching for Vancouver Grey Wolves : LHP Gerardo Pagán
Batting: RHB José Paz 0-0: SOLO HOME RUN (Flyball, 9D), Distance : 362 ft
Batting: RHB Pau Arria 0-0: Fly out, F9 (Flyball, 9D)
Batting: RHB Silvio Bonauiti 0-0: Called Strike
0-1: Reached on error, E6 (Groundball, 6S)
Batting: RHB Cristo González 0-0: Ball
1-0: SINGLE (Groundball, 5D)
Silvio Bonauiti to second
Batting: RHB Gabriel Maldonado 0-0: Called Strike
0-1: Foul Ball, location: 2F
0-2: Foul Ball, location: 2F
0-2: Ball
1-2: Ball
2-2: Ball
3-2: Base on Balls
Silvio Bonauiti to third
Cristo González to second
Batting: SHB Valentín Guzmán 0-0: Ball
1-0: SINGLE (Line Drive, 78S)
Silvio Bonauiti scores
Cristo González to third
Gabriel Maldonado to second
Runner from 3rd tries for Home, SAFE, throw made at trailing runner, OUT at third!
Batting: LHB Albert Morán 0-0: Ball
Wild Pitch!
Valentín Guzmán to second
1-0: Swinging Strike
1-1: Ball
2-1: Foul Ball, location: 2F
2-2: Foul Ball, location: 2F
2-2: Ground out U3 (Groundball, 34S)
Top of the 3rd over - 3 runs, 3 hits, 1 error, 1 left on base; Atlanta 4 - Vancouver 5
BOTTOM OF THE 3RD
Vancouver Grey Wolves batting - Pitching for Atlanta Smoke : RHP Calvin Beck
Batting: RHB Iván Vega 0-0: Called Strike
0-1: Foul Ball, location: 2F
0-2: Ball
1-2: Foul Ball, location: 2F
1-2: Foul Ball, location: 2F
1-2: Ball
2-2: Fly out, F7 (Flyball, 7S)
Batting: RHB Wilson Vega 0-0: Ground out 6-3 (Groundball, 6)
Batting: SHB Terumoto Kurihara 0-0: Called Strike
0-1: Foul Ball, location: 2F
0-2: Foul Ball, location: 2F
0-2: Ball
1-2: SINGLE (Groundball, 6MD)
Batting: LHB Johan Kroening 0-0: Ground out 4-3 (Groundball, 4)
Bottom of the 3rd over - 0 runs, 1 hit, 0 errors, 1 left on base; Atlanta 4 - Vancouver 5
TOP OF THE 4TH
Atlanta Smoke batting - Pitching for Vancouver Grey Wolves : LHP Gerardo Pagán
Batting: RHB Syed Sarkar 0-0: Called Strike
0-1: Ground out 5-3 (Groundball, 5S)
Batting: RHB Joe Phillips 0-0: Ball
1-0: Ball
2-0: Ground out 1-3 (Groundball, 15)
Batting: RHB José Paz 0-0: Called Strike
0-1: Ball
1-1: SINGLE (Groundball, 56D)
Batting: RHB Pau Arria 0-0: Ball
1-0: Ball
2-0: Ball
3-0: Called Strike
3-1: Fly out, F5 (Line Drive, 5S)
Top of the 4th over - 0 runs, 1 hit, 0 errors, 1 left on base; Atlanta 4 - Vancouver 5
BOTTOM OF THE 4TH
Vancouver Grey Wolves batting - Pitching for Atlanta Smoke : RHP Calvin Beck
Batting: LHB Michael Malloy 0-0: Ball
1-0: Ground out 4-3 (Groundball, 4D)
Batting: RHB Urs van Munster 0-0: Called Strike
0-1: Swinging Strike
0-2: Ball
1-2: Ball
2-2: TRIPLE (Line Drive, 78XD)
Batting: LHB Gustavo Cortéz 0-0: Ball
1-0: Fly out, F8 (Flyball, 8LD)
Runner from 3rd tags up, SCORES, throw made
Batting: RHB Hugh Mungus 0-0: Called Strike
0-1: Ball
1-1: Foul Ball, location: 2F
1-2: Ball
2-2: Strikes out swinging
Bottom of the 4th over - 1 run, 1 hit, 0 errors, 0 left on base; Atlanta 4 - Vancouver 6
TOP OF THE 5TH
Atlanta Smoke batting - Pitching for Vancouver Grey Wolves : LHP Gerardo Pagán
Batting: RHB Silvio Bonauiti 0-0: Foul Ball, location: 2F
0-1: Ball
1-1: Ground out 5-3 (Groundball, 56S)
Batting: RHB Cristo González 0-0: Ball
1-0: Fly out, F6 (Line Drive, 6)
Batting: RHB Gabriel Maldonado 0-0: Swinging Strike
0-1: Fly out, F7 (Flyball, 7)
Top of the 5th over - 0 runs, 0 hits, 0 errors, 0 left on base; Atlanta 4 - Vancouver 6
BOTTOM OF THE 5TH
Vancouver Grey Wolves batting - Pitching for Atlanta Smoke : RHP Calvin Beck
Batting: LHB Preston Witt 0-0: Called Strike
0-1: Ball
1-1: Ball
2-1: Swinging Strike
2-2: Ball
3-2: Base on Balls
Pitching: RHP Domingo Velasco
Batting: RHB Iván Vega 0-0: Ball
1-0: Ball
2-0: Called Strike
2-1: Foul Ball, location: 2F
2-2: SINGLE (Groundball, 56D)
Preston Witt to second
Batting: RHB Wilson Vega 0-0: Called Strike
0-1: Ground out 5-3 (Groundball, 56S)
Preston Witt to third
Iván Vega to second
Batting: SHB Terumoto Kurihara 0-0: Ball
1-0: Ball
2-0: Foul Ball, location: 2F
2-1: Foul Ball, location: 2F
2-2: Ball
3-2: Fly out, F5 (Popup, 5F)
Batting: LHB Johan Kroening 0-0: Called Strike
0-1: Fly out, F6 (Popup, 6MS)
Bottom of the 5th over - 0 runs, 1 hit, 0 errors, 2 left on base; Atlanta 4 - Vancouver 6
TOP OF THE 6TH
Atlanta Smoke batting - Pitching for Vancouver Grey Wolves : LHP Gerardo Pagán
Batting: SHB Valentín Guzmán 0-0: Called Strike
0-1: Ball
1-1: Ball
2-1: Swinging Strike
2-2: Foul Ball, location: 2F
2-2: Foul Ball, location: 2F
2-2: Strikes out swinging
Batting: LHB Albert Morán 0-0: Fly out, F9 (Line Drive, 9)
Batting: RHB Syed Sarkar 0-0: Ball
1-0: SINGLE (Groundball, 56D)
Batting: RHB Joe Phillips 0-0: Foul Ball, location: 2F
0-1: Ground out 6-3 (Groundball, 56)
Top of the 6th over - 0 runs, 1 hit, 0 errors, 1 left on base; Atlanta 4 - Vancouver 6
BOTTOM OF THE 6TH
Vancouver Grey Wolves batting - Pitching for Atlanta Smoke : RHP Domingo Velasco
Batting: LHB Michael Malloy 0-0: Called Strike
0-1: Ball
1-1: Ball
2-1: Ground out 6-3 (Groundball, 6)
Batting: RHB Urs van Munster 0-0: Ball
1-0: Swinging Strike
1-1: Called Strike
1-2: DOUBLE (Line Drive, 78M)
Batting: LHB Gustavo Cortéz 0-0: Called Strike
Urs van Munster steals 3rd base
0-1: Ball
1-1: Called Strike
1-2: Fly out, F9 (Flyball, 89S)
Runner from 3rd tags up, SCORES, no throw
Batting: RHB Hugh Mungus 0-0: Ball
1-0: Ball
2-0: Ball
3-0: Called Strike
3-1: Ground out U3 (Groundball, 34)
Bottom of the 6th over - 1 run, 1 hit, 0 errors, 0 left on base; Atlanta 4 - Vancouver 7
TOP OF THE 7TH
Atlanta Smoke batting - Pitching for Vancouver Grey Wolves : LHP Gerardo Pagán
Batting: RHB José Paz 0-0: Ball
1-0: Called Strike
1-1: Ball
2-1: SINGLE (Groundball, 6MD)
Batting: RHB Pau Arria 0-0: Called Strike
0-1: Foul Ball, location: 2F
0-2: Grounds into double play, 6-4-3 (Groundball, 6M)
Batting: RHB Silvio Bonauiti 0-0: Ground out 3-1 (Groundball, 2R)
Top of the 7th over - 0 runs, 1 hit, 0 errors, 0 left on base; Atlanta 4 - Vancouver 7
BOTTOM OF THE 7TH
Vancouver Grey Wolves batting - Pitching for Atlanta Smoke : RHP Domingo Velasco
Batting: LHB Preston Witt 0-0: Foul Ball, location: 2F
0-1: Fly out, F8 (Flyball, 8RD)
Batting: RHB Iván Vega 0-0: Ball
1-0: Called Strike
1-1: SINGLE (Groundball, 6MD)
Batting: RHB Wilson Vega 0-0: Called Strike
0-1: Ball
1-1: Foul Ball, location: 2F
1-2: Ball
2-2: Strikes out swinging
Batting: SHB Terumoto Kurihara 0-0: Ball
1-0: DOUBLE (Flyball, 89XD)
Iván Vega to third
Runner from 3rd tries for Home, SAFE, no throw
Pitching: RHP Nelle Liefting
Batting: LHB Johan Kroening 0-0: Ball
1-0: Foul Ball, location: 2F
1-1: Ball
2-1: Foul Ball, location: 2F
2-2: Foul Ball, location: 2F
2-2: Ball
Passed Ball!
Terumoto Kurihara to third
3-2: Strikes out swinging
Bottom of the 7th over - 1 run, 2 hits, 0 errors, 1 left on base; Atlanta 4 - Vancouver 8
TOP OF THE 8TH
Atlanta Smoke batting - Pitching for Vancouver Grey Wolves : LHP Gerardo Pagán
Batting: RHB Cristo González 0-0: Called Strike
0-1: Ball
1-1: Ground out 4-3 (Groundball, 4)
Batting: RHB Gabriel Maldonado 0-0: Ball
1-0: Ground out 6-3 (Groundball, 6)
Batting: SHB Valentín Guzmán 0-0: Ball
1-0: Called Strike
1-1: Called Strike
1-2: Ground out 1-3 (Groundball, 15S)
Top of the 8th over - 0 runs, 0 hits, 0 errors, 0 left on base; Atlanta 4 - Vancouver 8
BOTTOM OF THE 8TH
Vancouver Grey Wolves batting - Pitching for Atlanta Smoke : RHP Nelle Liefting
Batting: LHB Michael Malloy 0-0: Ball
1-0: Ground out 4-3 (Groundball, 4M)
Batting: RHB Urs van Munster 0-0: Foul Ball, location: 2F
0-1: Ball
1-1: Foul Ball, location: 2F
1-2: Foul Ball, location: 2F
1-2: Ground out 4-3 (Groundball, 4D)
Batting: LHB Gustavo Cortéz 0-0: Ball
1-0: Ground out 4-3 (Groundball, 4)
Bottom of the 8th over - 0 runs, 0 hits, 0 errors, 0 left on base; Atlanta 4 - Vancouver 8
TOP OF THE 9TH
Atlanta Smoke batting - Pitching for Vancouver Grey Wolves : LHP Gerardo Pagán
Batting: LHB Albert Morán 0-0: Ball
1-0: Ball
2-0: Foul Ball, location: 2F
2-1: Foul Ball, location: 2F
2-2: Foul Ball, location: 2F
2-2: SINGLE (Groundball, 34D)
Pitching: RHP Francisco Valdés
Batting: RHB Syed Sarkar 0-0: Called Strike
0-1: Hit by Pitch
Albert Morán to second
Batting: RHB Joe Phillips 0-0: Ball
1-0: Ball
2-0: Called Strike
2-1: Ball
3-1: Fly out, F7 (Flyball, 7LM)
Batting: RHB José Paz 0-0: Ball
1-0: Foul Ball, location: 2F
1-1: Ball
2-1: Ball
3-1: Base on Balls
Albert Morán to third
Syed Sarkar to second
Pinch Hitting: LHB Christian Blair 0-0: Swinging Strike
0-1: Foul Ball, location: 2F
0-2: Ball
Wild Pitch!
Albert Morán scores
Syed Sarkar to third
José Paz to second
1-2: Strikes out looking
Batting: RHB Silvio Bonauiti 0-0: Foul Ball, location: 2F
0-1: Ball
1-1: Called Strike
1-2: Ball
2-2: Ground out 6-3 (Groundball, 56)
Top of the 9th over - 1 run, 1 hit, 0 errors, 2 left on base; Atlanta 5 - Vancouver 8
Wednesday, September 19th, 2018 - OOTP Baseball 18.8 Build 76